 Dungeon Crawl Stone Soup version 0.30.1-4-g462c640d31 (webtiles) character file.

Game seed: 581932621734607277

240715 monsoonserge the Slayer (level 19, -12/191 HPs)
             Began as a Hill Orc Fighter on Sept 18, 2023.
             Was the Champion of Zin.
             Killed from afar by Nikola (109 damage)
             ... with an arc of chain lightning
             ... on level 2 of the Vaults.
             The game lasted 02:16:36 (32709 turns).

monsoonserge the Slayer (Hill Orc Fighter)         Turns: 32709, Time: 02:16:39

Health: -12/191    AC: 36    Str: 40    XL:     19   Next: 33%
Magic:  29/30      EV: 15    Int: 13    God:    Zin [******]
Gold:   1685       SH: 21    Dex: 15    Spells: 18/18 levels left

rFire   + + .        a - +1 broad axe (freeze)
rCold   + + .        c - +2 shield of Resistance {rF++ rC++ Will++}
rNeg    . . .        C - +10 plate armour "Loidwal" {Str+2}
rPois   ∞            P - +1 hat
rElec   .            S - +1 cloak {Stlth+}
rCorr   .            x - +1 pair of gloves {hurl}
SInv    .            n - +1 pair of boots
Will    +++..        D - amulet of reflection Stlth
                     t - +6 ring of strength
HPRegen 1.31/turn    U - +5 ring of evasion
MPRegen 0.22/turn

%: reflection
@: vitalised, reciting
A: horns 1, regeneration 1
}: 2/15 runes: decaying, serpentine
a: Renounce Religion, Recite, Vitalisation, Imprison, Sanctuary, Donate Gold


You were on level 2 of the Vaults.
You worshipped Zin.
Zin was exalted by your worship.
You visited 7 branches of the dungeon, and saw 33 of its levels.
You visited 1 bazaar.
You also visited: Ice Cave.

You collected 3515 gold pieces.
You spent 1549 gold pieces at shops.
You donated 281 gold pieces to Zin.

Inventory:

Hand Weapons
 a - a +1 broad axe of freezing (weapon)
 b - a +0 sling of freezing
Missiles
 y - 7 throwing nets
 z - 2 silver boomerangs
 B - 7 boomerangs (quivered)
 G - 55 poisoned darts
 L - 8 atropa-tipped darts
 O - 4 curare-tipped darts
Armour
 c - the +2 shield of Resistance (worn) {rF++ rC++ Will++}
   (You found it on level 13 of the Dungeon)

   rF:        It greatly protects you from fire.
   rC:        It greatly protects you from cold.
   Will:      It greatly increases your willpower.
 n - a +1 pair of boots (worn)
 x - a +1 pair of gloves of hurling (worn)
 C - the +10 plate armour "Loidwal" (worn) {Str+2}
   (You found it on level 15 of the Dungeon)

   Str:       It affects your strength (+2).
 P - a +1 hat (worn)
 S - a +1 cloak of stealth (worn)
Jewellery
 t - a +6 ring of strength (left hand)
 A - the ring "Cetzibi" {Will+ Str+2}
   (You found it on level 9 of the Dungeon)

   [ring of willpower]

   Str:       It affects your strength (+2).
   Will:      It increases your willpower.
 D - an amulet of reflection (around neck)
 Q - a ring of poison resistance
 T - a ring of protection from cold
 U - a +5 ring of evasion (right hand)
 X - a ring of see invisible
Wands
 h - a wand of charming (32)
 k - a wand of iceblast (17)
 m - a wand of flame (41)
Scrolls
 f - 6 scrolls of poison
 g - 15 scrolls of teleportation
 i - a scroll of brand weapon
 l - 8 scrolls of blinking
 o - 4 scrolls of immolation
 p - 8 scrolls of fear
 u - 9 scrolls of identify
 E - 8 scrolls of fog
 F - 4 scrolls of butterflies
 M - 5 scrolls of magic mapping
 N - a scroll of silence
 Y - 8 scrolls of enchant armour
 Z - 8 scrolls of enchant weapon
Potions
 e - 14 potions of curing
 j - 5 potions of attraction
 q - 3 potions of invisibility
 r - 3 potions of heal wounds
 s - a potion of ambrosia
 v - 4 potions of brilliance
 w - 4 potions of berserk rage
 H - 4 potions of haste
 I - a potion of cancellation
 J - 7 potions of flight
 K - 2 potions of might
 R - 8 potions of mutation
Miscellaneous
 d - a phantom mirror
 V - a tin of tremorstones (1/2)
 W - a lightning rod (3/4)


   Skills:
 + Level 22.1 Fighting
 - Level 17.8(19.0) Axes
 - Level 8.2(12.7) Maces & Flails
 + Level 3.9(10.6) Polearms
 + Level 2.2 Ranged Weapons
 + Level 8.6 Throwing
 + Level 15.4 Armour
 + Level 4.0 Dodging
 * Level 1.0 Stealth
 + Level 16.5 Shields
 + Level 15.0 Invocations
 + Level 5.7 Evocations


You had 18 spell levels left.
You didn't know any spells.
Your spell library contained the following spells:

 Spells                   Type           Power      Damage    Failure   Level
 Apportation              Tloc           0%         N/A       80%         1
 Foxfire                  Conj/Fire      0%         2x1d4     80%         1
 Freeze                   Ice            0%         1d3       80%         1
 Necrotise                Necr           0%         1d4       80%         1
 Shock                    Conj/Air       0%         1d3       80%         1
 Summon Small Mammal      Summ           0%         N/A       80%         1
 Poisonous Vapours        Pois/Air       0%         N/A       91%         2
 Scorch                   Fire           0%         2d5       91%         2
 Call Canine Familiar     Summ           0%         N/A       99%         3
 Frozen Ramparts          Ice            0%         1d1       99%         3
 Hailstorm                Conj/Ice       0%         3d3       99%         3
 Ignite Poison            Fire/Tmut/Pois 0%         N/A       99%         3
 Mephitic Cloud           Conj/Pois/Air  0%         N/A       99%         3
 Ozocubu's Armour         Ice            0%         N/A       99%         3
 Summon Guardian Golem    Hex/Summ       0%         N/A       99%         3
 Swiftness                Air            0%         N/A       99%         3
 Vampiric Draining        Necr           0%         2d6       99%         3
 Airstrike                Air            0%         2d(0-16)  100%        4
 Animate Dead             Necr           0%         N/A       100%        4
 Cause Fear               Hex            0%         N/A       100%        4
 Flame Wave               Conj/Fire      0%         2d4       100%        4
 Olgreb's Toxic Radiance  Pois           0%         N/A       100%        4
 Sticky Flame             Conj/Fire      0%         2d3       100%        4
 Agony                    Necr           0%         N/A       100%        5
 Alistair's Intoxication  Tmut/Pois      0%         N/A       100%        5
 Freezing Cloud           Conj/Ice/Air   0%         6-21      100%        5
 Plasma Beam              Fire/Air       0%         2x1d11    100%        6
 Summon Cactus Giant      Summ           0%         N/A       100%        6
 Dragon Form              Tmut           0%         N/A       100%        7
 Haunt                    Necr/Summ      0%         N/A       100%        7
 Ozocubu's Refrigeration  Ice            0%         4d7       100%        7
 Discord                  Hex            0%         N/A       100%        8
 Ignition                 Fire           0%         3d3       100%        8
 Infestation              Necr           0%         N/A       100%        8
 Dragon's Call            Summ           0%         N/A       100%        9


Dungeon Overview and Level Annotations

Branches:
Dungeon (15/15)            Temple (1/1) D:6            Lair (5/5) D:9
  Swamp (4/4) Lair:2        Snake (4/4) Lair:2        Slime (0/5) Lair:5
    Orc (2/2) D:12            Elf (0/3) Orc:2        Vaults (2/5) D:13
 Depths (0/4) D:15          IceCv (visited)
  Crypt: Vaults:2-3

Altars:
Ashenzari
Cheibriados
Dithmenos
Elyvilon
Fedhas
Gozag
Hepliaklqana
Kikubaaqudgha
Makhleb
Nemelex Xobeh
Okawaru
Qazlal
Ru
Sif Muna
Trog
Uskayaw
Vehumet
Wu Jian
Xom
Yredelemnul
Zin
The Shining One
Jiyva

Shops:
D:7 ([   D:11 (   D:14 [*   Orc:1 [?(=(   Orc:2 [(=*   Snake:2 ?

Annotations:
D:2 dig
Vaults:2 Nikola


Innate Abilities, Weirdness & Mutations

You have a pair of small horns on your head.
Your natural rate of healing is unusually fast.


Message History

Zin grants you divine stamina.
A deep troll comes into view.
A deep troll comes into view.
Nikola shouts!
Activating: Recite (0% risk of failure)
Press: ? - help, Dir - look around, f - activate You clear your throat and prepare to recite. "It is just that the unbelievers shall be rebuked..."
Nikola is dazed by your recitation.
The deep troll is confused by your recitation. x2
The ironbound preserver is confused by your recitation.
The ironbound preserver shouts!
Nikola is lost in a daze.
The deep troll bites the deep troll!!
The deep troll claws the deep troll!
The deep troll claws the deep troll but does no damage.
The deep troll misses you. You block the deep troll's attack.
The deep troll claws you!
The deep troll bites itself!!
The deep troll is killed!
Unknown command. "...in due time, for loyalty is what Zin has declared..."
The deep troll is confused by your recitation.
Nikola mumbles some strange words.
Lightning arcs from Nikola's hands!
The bolt of lightning hits you!!!!
A bolt of lightning appears from out of thin air!
The bolt of lightning hits Nikola.
The bolt of lightning hits the deep troll!!! x2
The bolt of lightning hits the deep troll!
The deep troll bites the deep troll!
The deep troll is killed!
The troll leather armour is intact enough to wear.
Unknown command.
Unknown command.
You slice Nikola!! You freeze Nikola! You headbutt Nikola!
Nikola is moderately wounded.
You slice the deep troll!! You freeze the deep troll!
You kill the deep troll!
Nikola mumbles some strange words.
Lightning arcs from Nikola's hands!
The bolt of lightning hits you!!!!
Ouch! That really hurt!
You die...

#........#
#........#
#........#
#........#
.p..T..#
.T[..
###'#####
#.......# ##.
###..@.<..###
#..##
#...@###....#
#.#.. #....#
#....# #.#.
#..### ###..#
...# .# #..#
#..# ...##..#
#..### ###..#
......#
#....# #....#
.<....#
#....###....#
......#
###.......###


You could see Nikola (dazed) and 2 deep trolls.

Vanquished Creatures
  Vashnia (Snake:4)
  Jorgrun (D:14)
  A tentacled monstrosity (Swamp:4)
  3 thorn hunters
  Kirke (D:14)
  Donald (Orc:2)
  A fire giant (D:13)
  7 nagarajas
  A vault warden (Vaults:1)
  3 ghouls (Swamp:3)
  Louise (Snake:4)
  An ironbound thunderhulk (Vaults:1)
  2 stone giants
  Nessos (D:14)
  2 vampire knights
  7 dire elephants
  Azrael (D:15)
  An eleionoma (Swamp:1)
  8 bunyips
  3 ettins (Orc:2)
  4 shambling mangroves (Swamp:4)
  A great orb of eyes (Vaults:1)
  2 fire dragons (D:13)
  Josephine (Snake:1)
  4 yaktaur captains
  8 vault guards (D:13)
  2 ice dragons (D:13)
  An ogre mage (D:15)
  A spriggan air mage (Swamp:2)
  18 hydras
  2 ghost crabs
  9 boulder beetles
  A catoblepas (Lair:2)
  An ironbound frostheart (Vaults:1)
  4 anacondas
  5 alligators
  A death knight (D:14)
  10 death yaks
  9 two-headed ogres
  6 centaur warriors
  9 shock serpents
  11 naga warriors
  2 tengu warriors (D:15)
  11 naga sharpshooters
  5 spriggans
  A spectral death yak (Lair:5)
  A spectral dire elephant (Lair:5)
  A spectral anaconda (Lair:5)
  6 sea snakes (Snake:4)
  4 goliath frogs
  3 deep trolls (Vaults:2)
  5 spriggan druids
  An obsidian statue (Lair:5)
  2 flayed ghosts (Swamp:4)
  4 spectral hydras (Swamp:4)
  7 swamp dragons
  3 phantasmal warriors
  5 naga ritualists
  3 lindwurms (Vaults:1)
  5 bog bodies
  Pikel (D:5)
  An ironbound convoker (Vaults:1)
  16 ugly things
  A deep elf pyromancer (D:15)
  8 mana vipers
  A wolf spider (D:13)
  13 cyclopes
  7 salamanders
  4 necromancers
  3 oklob plants (Swamp:4)
  3 will-o-the-wisps
  A manticore (Lair:4)
  3 guardian serpents (Snake:4)
  Joseph (D:8)
  9 elephants
  The ghost of Kurtz the Cleaver, a novice TeFi (D:5)
  2 ice statues (IceCv)
  15 naga magi
  24 black mambas
  5 vault sentinels (Vaults:1)
  12 cane toads
  A dire elephant skeleton (Lair:5)
  2 unseen horrors
  A yaktaur (shapeshifter) (D:13)
  2 kobold demonologists (D:11)
  11 yaktaurs
  7 rime drakes
  4 freezing wraiths
  9 komodo dragons
  3 ice devils (IceCv)
  An efreet (D:12)
  3 hydra zombies (Swamp:4)
  5 anaconda simulacra (IceCv)
  14 hornets
  A polar bear (shapeshifter) (D:13)
  A death drake zombie (Swamp:4)
  2 polar bears
  6 trolls
  19 blink frogs
  9 tyrant leeches
  15 dream sheep
  A hydra skeleton (Swamp:4)
  2 shadows (D:12)
  6 slime creatures (Vaults:1)
  6 water elementals (D:15)
  20 yaks
  A spriggan (shapeshifter) (D:13)
  A dire elephant simulacrum (IceCv)
  11 wyverns
  10 wraiths
  A vampire (D:12)
  A fire elemental (D:15)
  4 hogs (D:13)
  A fire bat (shapeshifter) (D:13)
  14 basilisks
  Grum (D:11)
  A steam dragon (D:7)
  11 vampire mosquitoes
  2 wargs (Orc:2)
  2 death yak simulacra (IceCv)
  2 harpy simulacra (IceCv)
  Menkaure (D:5)
  2 spectral cane toads (Lair:5)
  An acid dragon (D:11)
  40 nagas
  7 swamp worms
  8 water moccasins
  3 hell hounds (D:15)
  4 hydra simulacra
  A floating eye (shapeshifter) (D:15)
  6 ice beasts
  3 swamp drakes (Swamp:4)
  An elephant zombie (Lair:5)
  12 orc warriors
  2 swamp dragon zombies (Swamp:4)
  A black bear (Lair:1)
  A sky beast (D:8)
  8 centaurs
  3 elephant skeletons (Lair:5)
  6 ogres
  A phantom (D:3)
  13 wolves
  4 lemures (D:5)
  Blork the orc (D:5)
  9 kobold brigands
  15 bullfrogs
  A gnoll sergeant (D:12)
  3 scorpions
  2 cane toad simulacra
  9 wights
  2 elephant simulacra (Lair:5)
  13 killer bees
  4 electric eels
  5 howler monkeys
  8 jellies
  6 orc priests
  2 gnoll boudas
  5 hounds
  3 iguanas
  23 orc wizards
  Natasha (D:4)
  A spriggan simulacrum (IceCv)
  13 hell rats
  A troll simulacrum (IceCv)
  Robin (D:4)
  22 gnolls
  10 adders
  A naga simulacrum (IceCv)
  2 white imps
  A worm (D:3)
  2 dart slugs
  47 orcs
  7 ball pythons
  9 endoplasms
  3 giant cockroaches
  25 goblins
  8 hobgoblins
  7 jackals
  23 kobolds
  5 quokkas
  4 bats
  3 frilled lizards
  4 rats
  A butterfly (Swamp:2)
1011 creatures vanquished.

Vanquished Creatures (collateral kills)
  A spriggan (Swamp:1)
1 creature vanquished.

Vanquished Creatures (others)
  An eleionoma (Swamp:2)
  A bunyip (Swamp:3)
  A bloated husk (Swamp:3)
  A swamp worm (Swamp:1)
  12 foxfires
16 creatures vanquished.

Grand Total: 1028 creatures vanquished

Notes
Turn   | Place    | Note
-------+----------+-------------------------------------------
     0 | D:1      | monsoonserge the Hill Orc Fighter began the quest for the
                  | Orb.
     0 | D:1      | Reached XP level 1. HP: 19/19 MP: 1/1
   179 | D:1      | Reached XP level 2. HP: 27/27 MP: 2/2
   256 | D:1      | Reached skill level 4 in Fighting
   501 | D:1      | Reached XP level 3. HP: 33/33 MP: 3/3
  1338 | D:2      | Reached XP level 4. HP: 36/40 MP: 4/4
  1781 | D:2      | You fall into a shaft and drop 1 floor!
  1807 | D:3      | Gained mutation: You have a pair of small horns on your
                  | head. [potion of mutation]
  1807 | D:3      | Gained mutation: Your natural rate of healing is unusually
                  | fast. [potion of mutation]
  1817 | D:3      | HP: 1/40 [orc wizard/magic dart (7)]
  1907 | D:3      | Found a shimmering blue altar of Sif Muna.
  2109 | D:3      | Reached skill level 1 in Evocations
  2175 | D:3      | Noticed a phantom
  2180 | D:3      | Killed a phantom
  2181 | D:3      | Reached XP level 5. HP: 47/47 MP: 5/5
  2442 | D:3      | Found a shadowy altar of Dithmenos.
  2561 | D:3      | Found a faded altar of an unknown god.
  2587 | D:3      | Prayed at the altar of an unknown god.
  2587 | D:3      | Became a worshipper of Zin the Law-Giver
  2587 | D:3      | Reached * piety under Zin
  2587 | D:3      | Reached ** piety under Zin
  2600 | D:3      | Reached skill level 5 in Armour
  2600 | D:3      | Reached XP level 6. HP: 44/53 MP: 6/6
  2850 | D:4      | Reached skill level 1 in Invocations
  2923 | D:4      | Reached skill level 1 in Polearms
  2935 | D:4      | Found a white marble altar of Elyvilon.
  2955 | D:4      | Found an iron altar of Okawaru.
  3250 | D:4      | Noticed Robin
  3273 | D:4      | Killed Robin
  3274 | D:4      | Reached XP level 7. HP: 48/60 MP: 8/8
  3329 | D:4      | Reached *** piety under Zin
  3501 | D:4      | Noticed Natasha
  3507 | D:4      | Killed Natasha
  3671 | D:5      | Entered Level 5 of the Dungeon
  3722 | D:5      | Noticed Blork the orc
  3732 | D:5      | Killed Blork the orc
  3828 | D:5      | Reached skill level 1 in Dodging
  3837 | D:5      | Reached skill level 5 in Fighting
  3899 | D:5      | Noticed Pikel
  3905 | D:5      | Killed Pikel
  3906 | D:5      | Reached skill level 5 in Invocations
  3906 | D:5      | Reached XP level 8. HP: 69/69 MP: 9/11
  3956 | D:5      | Found a runed translucent door.
  3956 | D:5      | Noticed Kurtz's ghost (novice TeFi)
  4008 | D:5      | Noticed Menkaure
  4017 | D:5      | Killed Menkaure
  4072 | D:5      | Found a sparkling altar of Nemelex Xobeh.
  4092 | D:5      | Found a broken altar of Ashenzari.
  4101 | D:5      | Reached **** piety under Zin
  4545 | D:5      | Reached XP level 9. HP: 75/75 MP: 13/13
  4596 | D:5      | Found a hazy altar of Hepliaklqana.
  4940 | D:6      | Reached skill level 5 in Maces & Flails
  5097 | D:6      | Found a staircase to the Ecumenical Temple.
  5119 | D:6      | Reached skill level 6 in Fighting
  5122 | Temple   | Entered the Ecumenical Temple
  5360 | D:6      | Reached ***** piety under Zin
  5567 | D:7      | Found Olewkosm's Armour Boutique.
  5604 | D:7      | Found Ciocs's Weapon Boutique.
  5693 | D:7      | Reached skill level 1 in Stealth
  5868 | D:7      | Noticed a hornet
  5891 | D:7      | Killed a hornet
  6238 | D:5      | Killed Kurtz's ghost
  6239 | D:5      | Reached skill level 5 in Shields
  6239 | D:5      | Reached XP level 10. HP: 80/84 MP: 15/15
  6548 | D:8      | Killed an unseen horror
  6591 | D:8      | Noticed Joseph
  6800 | D:8      | Killed Joseph
  7032 | D:8      | Reached skill level 7 in Fighting
  7144 | D:9      | Reached skill level 5 in Axes
  7306 | D:9      | Found a staircase to the Lair.
  7636 | D:9      | Reached XP level 11. HP: 90/92 MP: 17/17
  7679 | D:9      | Identified the ring "Cetzibi" {Will+ Str+2}
  7832 | D:9      | Noticed a two-headed ogre
  7840 | D:9      | Killed a two-headed ogre
  7948 | D:10     | Entered Level 10 of the Dungeon
  8011 | D:10     | Found a snail-covered altar of Cheibriados.
  8073 | D:10     | Reached ****** piety under Zin
  8782 | D:11     | Reached skill level 8 in Fighting
  8861 | D:11     | Noticed Grum
  8875 | D:11     | Killed Grum
  8930 | D:11     | Reached skill level 10 in Invocations
  9081 | D:11     | Found Peobb's Antique Weapon Emporium.
  9465 | D:12     | Noticed a cyclops
  9475 | D:12     | Killed a cyclops
  9514 | D:12     | Noticed a two-headed ogre
  9522 | D:12     | Killed a two-headed ogre
  9523 | D:12     | Reached skill level 10 in Axes
  9715 | D:12     | Noticed a two-headed ogre
  9733 | D:12     | Noticed a two-headed ogre
  9743 | D:12     | Killed a two-headed ogre
  9756 | D:12     | Noticed a centaur warrior
  9765 | D:12     | Killed a two-headed ogre
  9766 | D:12     | Reached skill level 10 in Armour
  9766 | D:12     | Reached XP level 12. HP: 47/103 MP: 18/20
  9766 | D:12     | Killed a centaur warrior
  9778 | D:12     | Found a staircase to the Orcish Mines.
  9994 | D:12     | Noticed a boulder beetle
 10027 | D:12     | Killed a boulder beetle
 10394 | D:13     | Noticed a six-headed hydra
 10495 | Lair:1   | Entered Level 1 of the Lair of Beasts
 10591 | Lair:1   | Identified the +7 rapier "Gefas" {venom, Int-4 Dex+5}
 10724 | Lair:1   | Reached skill level 9 in Fighting
 11194 | Lair:1   | Noticed a death yak
 11195 | Lair:1   | Noticed a death yak
 11200 | Lair:1   | Noticed a death yak
 11201 | Lair:1   | Noticed a death yak
 11204 | Lair:1   | Noticed a death yak
 11208 | Lair:1   | Killed a death yak
 11222 | Lair:1   | Killed a death yak
 11232 | Lair:1   | Killed a death yak
 11244 | Lair:1   | Killed a death yak
 11245 | Lair:1   | Reached XP level 13. HP: 39/113 MP: 22/22
 11584 | Lair:2   | Reached skill level 10 in Fighting
 11752 | Lair:2   | Found a staircase to the Swamp.
 12055 | Lair:2   | Found a staircase to the Snake Pit.
 13559 | Lair:4   | Reached skill level 11 in Fighting
 13710 | Lair:4   | Reached XP level 14. HP: 108/124 MP: 23/23
 13713 | Lair:4   | Reached skill level 10 in Shields
 14144 | Lair:5   | Entered Level 5 of the Lair of Beasts
 14197 | Lair:5   | Reached skill level 12 in Fighting
 14197 | Lair:5   | Reached skill level 5 in Evocations
 14313 | Lair:5   | Found a viscous altar of Jiyva.
 14313 | Lair:5   | Found a staircase to the Slime Pits.
 14340 | Lair:5   | Found a frozen archway.
 14488 | Lair:5   | Reached skill level 13 in Fighting
 14515 | IceCv    | Entered an ice cave
 15589 | Lair:5   | Noticed a dire elephant
 15589 | Lair:5   | Noticed a dire elephant
 15589 | Lair:5   | Noticed a dire elephant
 15590 | Lair:5   | Noticed a dire elephant
 15870 | Lair:5   | Reached skill level 15 in Axes
 16014 | Lair:5   | Reached XP level 15. HP: 82/137 MP: 22/24
 16016 | Lair:5   | Reached skill level 14 in Fighting
 16245 | Lair:5   | Got Cerebov's Atlas of Accelerants
 16571 | Orc:1    | Entered Level 1 of the Orcish Mines
 16634 | Orc:1    | Found Qajuacit's Antique Armour Shop.
 16644 | Orc:1    | Bought a runed cloak for 202 gold pieces
 16657 | Orc:1    | Bought a pair of embroidered gloves for 202 gold pieces
 16676 | Orc:1    | Found Tauf's Magic Scroll Emporium.
 16684 | Orc:1    | Bought a scroll of teleportation for 45 gold pieces
 16748 | Orc:2    | Entered Level 2 of the Orcish Mines
 16859 | Orc:2    | Reached skill level 1 in Throwing
 16958 | Orc:2    | Found Zeigats's Jewellery Emporium.
 17039 | Orc:2    | Found a staircase to the Elven Halls.
 17147 | Orc:1    | Found Zamonyw's Jewellery Emporium.
 17279 | Orc:1    | Found Biufoeno's Weapon Emporium.
 17336 | Orc:1    | Found Cohoanto's Weapon Emporium.
 17548 | Orc:2    | Found Boagiu's Antique Armour Emporium.
 17550 | Orc:2    | Noticed Donald
 17573 | Orc:2    | Killed Donald
 17643 | Orc:2    | Found Qeetio's Antique Weapon Boutique.
 17709 | Orc:2    | Found Wuycwyox's General Store.
 18382 | Swamp:1  | Entered Level 1 of the Swamp
 19157 | Swamp:2  | Noticed a thorn hunter
 19162 | Swamp:2  | HP: 6/139 [acid (8)]
 19679 | D:13     | Found a runed translucent door.
 19679 | D:13     | Found the +2 shield of Resistance {rF++ rC++ Will++}
 19688 | D:13     | Found a runed translucent door.
 19994 | D:13     | Found a gate to the Vaults.
 20116 | D:13     | Reached XP level 16. HP: 147/147 MP: 25/25
 20160 | D:13     | Reached skill level 15 in Fighting
 20180 | D:13     | Reached skill level 5 in Throwing
 20268 | D:13     | Found the +5 glaive of the Guard {elec, spectral, AC+5}
 20545 | D:13     | Identified a scroll of acquirement
 20546 | D:13     | Acquired a manual of Fighting
 20838 | D:14     | Found Xeheud's General Store.
 20838 | D:14     | Noticed Jorgrun
 20849 | D:14     | Killed Jorgrun
 20860 | D:14     | Noticed Kirke
 20889 | D:14     | Killed Kirke
 21076 | D:14     | Found Naotz's Armour Boutique.
 21170 | D:14     | Noticed Nessos
 21175 | D:14     | Killed Nessos
 21229 | D:14     | Reached skill level 16 in Fighting
 21624 | D:15     | Entered Level 15 of the Dungeon
 21958 | D:15     | Found a flickering gateway to a bazaar.
 21973 | Bazaar   | Entered a bazaar
 21977 | Bazaar   | Found Zotuynt's Book Emporium.
 21985 | Bazaar   | Found Harutofy's Antique Weapon Emporium.
 21996 | Bazaar   | Found Hurphud's General Store.
 22007 | Bazaar   | Found Keam's Magic Scroll Shoppe.
 22015 | Bazaar   | Found Raykan's Antique Armour Shoppe.
 22023 | Bazaar   | Bought a glowing cloak for 232 gold pieces
 22031 | Bazaar   | Bought a scroll of brand weapon for 142 gold pieces
 22042 | Bazaar   | Bought a potion of heal wounds for 50 gold pieces
 22042 | Bazaar   | Bought a potion of ambrosia for 80 gold pieces
 22044 | Bazaar   | Bought 4 atropa-tipped darts for 36 gold pieces
 22096 | D:15     | Noticed Azrael
 22114 | D:15     | Killed Azrael
 22143 | D:15     | Reached skill level 17 in Fighting
 22182 | D:15     | Paralysed by a floating eye for 3 turns
 22337 | D:15     | Identified the +5 dagger of Govymeink {venom, MP+9 Int+3}
 22390 | D:15     | Identified the +10 plate armour "Loidwal" {Str+2}
 22588 | D:15     | Found a staircase to the Depths.
 22967 | D:13     | HP: 6/157 [fire dragon/blast of flame (25)]
 23560 | Swamp:2  | Killed a thorn hunter
 23561 | Swamp:2  | Reached skill level 18 in Fighting
 23719 | Snake:1  | Entered Level 1 of the Snake Pit
 23719 | Snake:1  | Noticed Josephine
 23726 | Snake:1  | Killed Josephine
 23926 | Snake:1  | Reached XP level 17. HP: 166/166 MP: 27/27
 24544 | Snake:2  | Reached skill level 19 in Fighting
 24576 | Snake:2  | Identified the +3 leather armour of Erequchi {Stlth+}
 24676 | Snake:2  | Found Sicidiu's Magic Scroll Boutique.
 25691 | Snake:3  | Reached skill level 20 in Fighting
 26716 | Snake:4  | Entered Level 4 of the Snake Pit
 26884 | Snake:4  | Noticed Vashnia
 26884 | Snake:4  | Noticed Louise
 26994 | Snake:4  | Killed Louise
 27039 | Snake:4  | Killed Vashnia
 27226 | Snake:4  | Found a blossoming altar of Fedhas.
 27420 | Snake:4  | Reached XP level 18. HP: 135/180 MP: 28/28
 27544 | Snake:4  | Reached skill level 21 in Fighting
 27572 | Snake:4  | Reached skill level 15 in Shields
 27683 | Snake:4  | Got a serpentine rune of Zot
 28101 | Swamp:2  | Identified the +10 mace of Extermination {drain, Str+5}
 29168 | Swamp:4  | Entered Level 4 of the Swamp
 29168 | Swamp:4  | Noticed a tentacled monstrosity
 29178 | Swamp:4  | Killed a tentacled monstrosity
 29646 | Swamp:4  | Reached skill level 15 in Armour
 30100 | Swamp:4  | Found a blossoming altar of Fedhas.
 30113 | Swamp:4  | Found a basalt altar of Yredelemnul.
 30130 | Swamp:4  | Reached XP level 19. HP: 148/191 MP: 30/30
 30139 | Swamp:4  | Reached skill level 15 in Invocations
 30222 | Swamp:4  | Got a decaying rune of Zot
 30755 | Orc:2    | Bought a phantom mirror for 560 gold pieces
 30852 | Vaults:1 | Entered Level 1 of the Vaults
 30945 | Vaults:1 | Reached skill level 1 in Ranged Weapons
 30983 | Vaults:1 | Identified the +3 plate armour of Cloud Cover {Str-3 Dex+9}
 31723 | Vaults:1 | Reached skill level 22 in Fighting
 32169 | Vaults:1 | Noticed a golden dragon
 32170 | Vaults:1 | a golden dragon changed into an iron giant
 32170 | Vaults:1 | Noticed an iron giant (glowing shapeshifter)
 32171 | Vaults:1 | an iron giant changed into a golden dragon
 32171 | Vaults:1 | Noticed a golden dragon (glowing shapeshifter)
 32172 | Vaults:1 | a golden dragon changed into an iron giant
 32172 | Vaults:1 | Noticed an iron giant (glowing shapeshifter)
 32175 | Vaults:1 | an iron giant changed into an iron dragon
 32370 | Vaults:2 | Noticed Nikola
 32709 | Vaults:2 | Killed from afar by Nikola

Illustrated notes

Levels and vault maps discovered:
D:1:      scummos_arrival_simple_fountains, layout_loops_corners
D:2:      layout_basic, corexii_hall_statues_u, serial_bayou_pond_d,
          due_unseen_surprise
D:3:      layout_loops_corners, lemuel_blue_sif_altar,
          mainiacjoe_overflow_surrounded_room,
          hellmonk_ecumenical_altar_pennies_from_heaven,
          kennysheep_generic_room_10
D:4:      kennysheep_goblin_castle, layout_loops_ring,
          okawaru_metal_pillars_1_2, mainiacjoe_overflow_cross_hatched,
          uniq_natasha
D:5:      layout_cave_pods, nicolae_hepliaklqana_hippocampus,
          jmf_multi_god_temple, hellmonk_ghost_happy_afterlife,
          uniq_blork_the_orc, uniq_menkaure, uniq_pikel
D:6:      layout_basic, minmay_temple_entry_trees
D:7:      layout_basic, serial_shops, shop_fountains,
          nicolae_shop_getting_attention
D:8:      layout_basic, uniq_joseph
D:9:      layout_basic, hellmonk_lair_entry_icy, minmay_circle_x
D:10:     layout_irregular_city, mainiacjoe_overflow_alcove_1
D:11:     layout_cave_pools, serial_shops, shop, chequers_serial_rivers_small_a,
          corexii_hall_statues_x, uniq_grum
D:12:     layout_loops_ring, kennysheep_orc_monster_closet_entryway
D:13:     minmay_guarded_unrand_guard, layout_stronghold, erik_vaults_2,
          minmay_guarded_unrand_resistance
D:14:     layout_roguey, grunt_decor_fettered, serial_curves, eino_curves_04,
          eino_curves_03, serial_shops, shop, shop, drop_trap, uniq_jorgrun,
          uniq_nessos, uniq_kirke
D:15:     grunt_enter_depths_snipers, layout_basic, hangedman_decor_riveting,
          serial_shops, bzr_entry_road, uniq_azrael
Temple:   nicolae_temple_bog_church
Lair:1:   layout_regular_city, beast_lair_carwin_5, serial_bayou_shore_b,
          serial_bayou_shore_a
Lair:2:   layout_regular_city, skrybe_swamp_entry_bodies,
          minmay_snake_entry_guardpost_medium, grunt_megastairs_5
Lair:3:   layout_regular_city, st_stairs_4, infiniplex_staircase_pool
Lair:4:   layout_roguey, special_room [special_room_mythical_zoo]
Lair:5:   due_jungle_book, layout_concentric_octagons,
          nicolae_slime_entry_slimehenge, portal_ice_cave_entry_pillars_1
Swamp:1:  layout_basic_swamp, evilmike_swamp_ruin_house_5, swamp_pool1
Swamp:2:  layout_basic_swamp, serial_swamp_ruin, evilmike_swamp_ruin_wall,
          evilmike_swamp_ruin_house_1, swamp_pool3,
          nicolae_swamp_frolicking_bunyips
Swamp:3:  layout_basic_swamp, evilmike_swamp_ruin_house_6
Swamp:4:  byrel_swamp_growth_death_and_undeath, layout_basic_swamp
Snake:1:  layout_grid_maze, uniq_josephine
Snake:2:  layout_layer_cave, serial_shops, shop_scrolls
Snake:3:  layout_chambers
Snake:4:  grunt_snake_rune_pools, layout_onion, basic_altar, uniq_louise,
          uniq_vashnia
Orc:1:    layout_caves, serial_shops, shop, shop, nicolae_shop_trees,
          nicolae_shop_behind_doors, shop
Orc:2:    grunt_orc_gardens, layout_caves, grunt_orc_garden, grunt_orc_garden,
          grunt_orc_garden, grunt_orc_garden, rock_pile, uniq_donald
Vaults:1: hangedman_vaults_river_flow, nicolae_vaults_tetromino_T_2,
          nicolae_vaults_house_2, grunt_vaults_funnel,
          nicolae_vaults_double_plus_1, nicolae_vaults_tetromino_L_2,
          vaults_standard_mumra_enter_the_diamond, nicolae_vaults_specimen_jars,
          ontoclasm_vaults_chip, layout_vaults_omnigrid
Vaults:2: portal_desolation_entry_holy_temple, v_misc_22,
          nicolae_vaults_circle_grid_b, v_misc_12, dpeg_vaults_monster_box,
          v_rooms_3, v_alt_pattern_4, nicolae_vaults_storage_closets_2,
          nicolae_vaults_storage_closets_3, nicolae_vaults_surprise_closet_hard,
          nicolae_vaults_little_squares_3, nicolae_vaults_alarming,
          layout_vaults_omnicross, serial_shops, nicolae_square_shop,
          uniq_nikola, uniq_bai_suzhen, uniq_zenata

Skill      XL: |  1  2  3  4  5  6  7  8  9 10 11 12 13 14 15 16 17 18 19 |
---------------+----------------------------------------------------------+-----
Fighting       | 4 5 6 7 8 9 11 13 14 18 20 21 22 | 22.1
Axes           | 3 4 6 10 13 14 15 16 17 | 17.8
Armour         | 4 5 6 7 8 10 11 12 13 14 15 | 15.4
Evocations     | 1 4 5 |  5.7
Invocations    | 2 5 7 9 10 12 13 14 15 | 15.0
Polearms       | 1 3 |  3.9
Shields        | 4 5 6 7 8 9 11 12 13 14 16 | 16.5
Dodging        | 1 3 4 |  4.0
Maces & Flails | 2 4 7 8 |  8.2
Stealth        | 1 |  1.0
Throwing       | 4 6 7 8 |  8.6
Ranged Weapons | 2 |  2.2

Action                     |  1- 3 |  4- 6 |  7- 9 | 10-12 | 13-15 | 16-18 | 19-21 || total
---------------------------+-------+-------+-------+-------+-------+-------+-------++-------
  Melee: War axe           |    96 |    77 |       |   535 |   511 |       |       ||  1219
         Headbutt          |       |    18 |    53 |   127 |   259 |   272 |    39 ||   768
         Spear             |       |    78 |    57 |       |       |       |       ||   135
         Morningstar       |       |       |   262 |    87 |       |       |       ||   349
         Broad axe         |       |       |       |       |   454 |   993 |   119 ||  1566
   Fire: Sling             |       |       |       |       |       |       |    19 ||    19
  Throw: Dart              |       |       |       |     3 |     1 |     3 |       ||     7
         Boomerang         |       |       |       |       |     4 |    16 |    20 ||    40
 Invoke: Recite            |       |     3 |     6 |    11 |    14 |    28 |     3 ||    65
         Vitalisation      |       |       |     2 |     3 |    11 |     5 |     3 ||    24
         Sanctuary         |       |       |       |       |     3 |     1 |       ||     4
         Imprison          |       |       |       |       |       |       |     1 ||     1
  Evoke: Wand              |       |       |     3 |     4 |    17 |    19 |       ||    43
         Lightning rod     |       |       |       |       |    14 |     8 |       ||    22
         Tin of tremorston |       |       |       |       |     5 |     2 |       ||     7
    Use: Potion            |       |     3 |     1 |     1 |       |       |       ||     5
         Scroll            |       |       |       |     9 |     6 |     7 |     1 ||    23
   Stab: Confused          |       |     1 |       |     5 |    13 |    15 |     4 ||    38
         Invisible         |       |       |     5 |     1 |       |     2 |       ||     8
         Paralysed         |       |       |       |     8 |     1 |     1 |       ||    10
         Petrified         |       |       |       |       |     6 |       |       ||     6
 Armour: Scale mail        |    53 |    20 |       |       |       |       |       ||    73
         Chain mail        |       |    84 |   304 |   319 |   284 |    49 |       ||  1040
         Plate armour      |       |       |       |       |       |   505 |    42 ||   547
  Dodge: Dodged            |    51 |    71 |   167 |   181 |   338 |   255 |    25 ||  1088
  Block: Buckler           |    23 |    38 |   154 |   279 |   333 |       |       ||   827
         Reflection        |       |       |     3 |    15 |    15 |    98 |    20 ||   151
         Kite shield       |       |       |       |       |   147 |   845 |    98 ||  1090
